 Dungeon Crawl Stone Soup version 0.22.1-6-g1668fe2 (webtiles) character file.

405 HoaS the Ruffian (level 6, -3/40 HPs)
             Began as a Gargoyle Berserker on Jan 19, 2019.
             Was a Priest of Trog.
             Slain by an orc warrior
             ... wielding a +0 battleaxe
              (10 damage)
             ... on level 5 of the Dungeon.
             The game lasted 00:07:02 (3346 turns).

HoaS the Ruffian (Gargoyle Berserker)               Turns: 3346, Time: 00:07:03

Health: -3/40      AC: 15    Str: 23    XL:     6   Next: 87%
Magic:  6/6        EV:  8    Int:  7    God:    Trog [***...]
Gold:   220        SH:  0    Dex:  9    Spells: 5/5 levels left

rFire    . . .     SeeInvis +     - Unarmed
rCold    . . .     Gourm    .   (no shield)
rNeg     + . .     Faith    .   u - +0 chain mail
rPois    ∞         Spirit   .   (no helmet)
rElec    +         Reflect  .   l - +0 cloak
rCorr    .         Harm     .   (no gloves)
MR       .....                  (no boots)
Stlth    ..........             (no amulet)
HPRegen  0.13/turn              i - ring of see invisible
MPRegen  0.10/turn              (no ring)

@: no status effects
A: negative energy resistance 1, electricity resistance, unbreathing,
petrification resistance, rot immunity, AC +4
a: Berserk, Trog's Hand, Renounce Religion


You were on level 5 of the Dungeon.
You worshipped Trog.
Trog was most pleased with you.
You were not hungry.

You visited 1 branch of the dungeon, and saw 5 of its levels.

You collected 220 gold pieces.

Inventory:

Missiles
 h - 20 bolts
Armour
 l - a +0 cloak (worn)
 p - a +0 pair of boots
 u - a +0 chain mail (worn)
Jewellery
 i - a ring of see invisible (left hand)
Wands
 n - a wand of enslavement (17)
 t - a wand of disintegration (12)
Scrolls
 k - a scroll of teleportation
 q - a scroll of identify
 r - a scroll of remove curse
Potions
 a - a potion of flight {unknown}
 c - 3 potions of heal wounds {unknown}
 e - a potion of curing {unknown}
 f - a potion of might {unknown}
 g - a potion of degeneration {unknown}
 j - a potion of resistance {unknown}
 o - a potion of agility {unknown}
 s - a potion of magic {unknown}
Comestibles
 b - 10 rations


   Skills:
 + Level 4.9 Fighting
 + Level 4.2 Armour
 - Level 1.5 Dodging
 * Level 5.7 Unarmed Combat


You had 5 spell levels left.
You didn't know any spells.
Your spell library was empty.

Dungeon Overview and Level Annotations

Branches:
Dungeon (5/15)             Temple (0/1) D:5

Altars:
Dithmenos
Xom

Shops:
D:4 %


Innate Abilities, Weirdness & Mutations

You are resistant to torment.
Your stone body is resilient. (AC +4)
You are immune to poison.
You resist negative energy. (rN+)
You are resistant to electric shocks. (rElec)
You can survive without breathing.
You are immune to petrification.
You are immune to rotting.


Message History

The orc is heavily wounded.
You hit the orc warrior.
The orc warrior is lightly wounded.
You hit the orc warrior.
The orc warrior is lightly wounded.
The orc warrior hits you with a battleaxe!
You hit the orc warrior. You punch the orc warrior!
The orc warrior is severely wounded.
You hit the orc warrior.
The orc warrior is severely wounded.
The orc warrior hits you with a battleaxe!!
Ouch! That really hurt!
* * * LOW HITPOINT WARNING * * *
You barely miss the orc warrior. Your punch misses the orc warrior.
The orc warrior is severely wounded.
The orc warrior barely misses you.
You closely miss the orc warrior.
The orc warrior is severely wounded.
The orc warrior hits you with a battleaxe!
You die...

****,**≈*
*,,,,,,*********,*
*,**≈****,,....,,,,,,,,,,*
*,,*≈*,,,,,#..#***********
****≈*,**,*#..#
*,,,**,*#..# ******,##o.#
*,,ooo* ***#o#* #@# #.##
######## #..#**********
#......# ##.#.#,,,,,,,,*
#.####.######.###..******,*
#.# #.......## *#<..,,**,*
#.# #######?.#**,....,,,,*
#.# ##..#,**###,**** #.#
*#..#* *,*


You could see an orc warrior and 4 orcs.

Vanquished Creatures
  A hound (D:5)
  A centaur skeleton (D:4)
  An iguana (D:4)
  5 orc wizards (D:4)
  A worker ant (D:4)
  5 adders
  2 oozes
  2 adder skeletons (D:4)
  3 worms
  3 dart slugs
  5 leopard geckos
  9 orcs
  2 goblins
  10 hobgoblins
  4 jackals (D:4)
  2 quokkas
  11 bats
  2 frilled lizards
  7 kobolds
  A quokka skeleton (D:4)
  3 rats (D:2)
80 creatures vanquished.

Notes
Turn   | Place    | Note
-------+----------+-------------------------------------------
     0 | D:1      | HoaS the Gargoyle Berserker began the quest for the Orb.
     0 | D:1      | Reached XP level 1. HP: 14/14 MP: 1/1
   244 | D:1      | Reached XP level 2. HP: 15/19 MP: 2/2
   988 | D:2      | Reached XP level 3. HP: 20/24 MP: 3/3
  1279 | D:2      | Reached skill level 4 in Unarmed Combat
  1279 | D:2      | Reached XP level 4. HP: 28/29 MP: 4/4
  1420 | D:2      | Found a shadowy altar of Dithmenos.
  1583 | D:3      | Reached ** piety under Trog
  2197 | D:4      | Reached XP level 5. HP: 33/33 MP: 5/5
  2345 | D:4      | Reached skill level 5 in Unarmed Combat
  2416 | D:4      | Reached XP level 6. HP: 39/39 MP: 6/6
  3017 | D:4      | Found Niasmum's Food Boutique.
  3123 | D:4      | Reached *** piety under Trog
  3263 | D:5      | Entered Level 5 of the Dungeon
  3296 | D:5      | Found a shimmering altar of Xom.
  3326 | D:5      | Noticed an orc warrior
  3346 | D:5      | Slain by an orc warrior

Skill      XL: |  1  2  3  4  5  6 |
---------------+-------------------+-----
Unarmed Combat | 4 5 |  5.7
Armour         | 3 4 |  4.2
Fighting       | 4 |  4.9
Dodging        | |  1.5

Action                   |  1- 3 |  4- 6 || total
-------------------------+-------+-------++-------
Melee: Unarmed           |   141 |   209 ||   350
       Punch             |     3 |     7 ||    10
Invok: Trog's Hand       |       |     1 ||     1
  Use: Scroll            |     2 |     3 ||     5
  Eat: Chunk             |     1 |     7 ||     8
Armor: Leather armour    |    81 |    72 ||   153
       Animal skin       |     2 |       ||     2
       Chain mail        |       |     7 ||     7
Dodge: Dodged            |    89 |    92 ||   181
